 Dungeon Crawl Stone Soup version 0.31-a0-345-g1ebeae05c6 (webtiles) character file.

Game seed: 15779604942281594527

46087 bobo the Nimble (level 14, -1/72 HPs)
             Began as a Felid Ice Elementalist on July 22, 2023.
             Was an Elder of Dithmenos.
             Shot with a sling bullet by a faun (25 damage)
             ... on level 1 of the Shoals.
             The game lasted 02:08:13 (25377 turns).

bobo the Nimble (Felid Ice Elementalist)           Turns: 25377, Time: 02:08:14

Health: -1/72      AC:  3    Str:  8    XL:     14   Next: 3%
Magic:  20/22      EV: 31    Int: 24    God:    Dithmenos [****..]
Gold:   1335       SH:  0    Dex: 22    Spells: 2/22 levels left
                                        Lives:  0   Deaths: 4

rFire   . .          .
                       - Unarmed
rCold   + . .        (shield unavailable)
rNeg    . . .        (body armour unavailable)
rPois   .            (helmet unavailable)
rElec   .            (cloak unavailable)
rCorr   .            (gloves unavailable)
SInv    +            (boots unavailable)
Will    +....        J - amulet of magic regeneration
Stlth   +++++++++    l - +6 ring of intelligence
HPRegen 0.32/turn    G - +6 ring of dexterity
MPRegen 0.58/turn

%: no passive effects
@: weak-willed, wreathed by umbra, studying Ice Magic, quick
A: very small, claws 1, fangs 3, see invisible, speed 1, shaggy fur 3, stealthy
paws, no weapons or thrown items, no armour, multi-lived
a: Renounce Religion, Shadow Step


You were on level 1 of the Shoals.
You worshipped Dithmenos.
Dithmenos was greatly pleased with you.
You visited 6 branches of the dungeon, and saw 22 of its levels.
You also visited: Ossuary, Ice Cave and Volcano.

You collected 1715 gold pieces.
You spent 380 gold pieces at shops.

Inventory:

Jewellery
 l - a +6 ring of intelligence (left paw)
 p - a ring of protection from cold
 s - a ring of flight
 x - a ring of wizardry
 z - an amulet of faith
 D - a ring of resist corrosion
 G - a +6 ring of dexterity (right paw)
 J - an amulet of magic regeneration (around neck)
 M - a ring of protection from cold
Wands
 j - a wand of flame (12) (quivered)
 r - a wand of polymorph (3)
 t - a wand of charming (7)
 w - a wand of quicksilver (4)
 A - a wand of roots (8)
 E - a wand of digging (12)
Scrolls
 b - 3 scrolls of immolation
 e - 3 scrolls of teleportation
 i - 2 scrolls of vulnerability
 u - 3 scrolls of fog
 y - 3 scrolls of revelation
 B - 2 scrolls of silence
 C - 2 scrolls of poison
 F - 3 scrolls of identify
 K - a scroll of blinking
 L - a scroll of butterflies
Potions
 a - 2 potions of magic
 c - a potion of lignification
 d - a potion of cancellation
 f - a potion of berserk rage
 g - 3 potions of haste
 h - 4 potions of enlightenment
 k - 4 potions of might
 m - 3 potions of brilliance
 n - 4 potions of mutation
 o - 3 potions of attraction
 v - 3 potions of curing
 H - a potion of resistance
 I - a potion of heal wounds
Miscellaneous
 q - a phantom mirror


   Skills:
 + Level 14.1 Fighting
 - Level 14.5 Dodging
 + Level 14.1 Stealth
 + Level 14.0 Unarmed Combat
 + Level 4.9 Spellcasting
 + Level 4.8 Summonings
 - Level 4.9 Translocations
 - Level 2.0 Transmutations
 - Level 5.0 Ice Magic
 + Level 4.0 Air Magic
 + Level 1.7 Earth Magic
 - Level 3.0 Evocations


You had 2 spell levels left.
You knew the following spells:

 Your Spells              Type           Power      Damage    Failure   Level
a - Ozocubu's Armour      Ice            29%        N/A       3%          3
c - Vhi's Electric Charg  Tloc/Air       54%        N/A       4%          3
d - Summon Ice Beast      Ice/Summ       29%        N/A       12%         4
f - Frozen Ramparts       Ice            58%        1d9       3%          3
q - Summon Lightning Spi  Summ/Air       27%        N/A       14%         4
s - Freeze                Ice            100%       1d10      1%          1
w - Passwall              Tmut/Erth      11%        N/A       6%          2

Your spell library contained the following spells:

 Spells                   Type           Power      Damage    Failure   Level
 Apportation              Tloc           58%        N/A       1%          1
 Summon Small Mammal      Summ           100%       N/A       1%          1
 Sandblast                Erth           28%        2d8       4%          1
 Static Discharge         Conj/Air       30%        2-4/arc   6%          2
 Wereblood                Tmut           15%        N/A       6%          2
 Necrotise                Necr           20%        1d5       9%          1
 Sublimation of Blood     Necr           5%         N/A       14%         2
 Airstrike                Air            12%        2d(2-18)  17%         4
 Stone Arrow              Conj/Erth      20%        3d8       19%         3
 Animate Dead             Necr           5%         N/A       65%         4
 Arcjolt                  Conj/Air       7%         1d17      71%         5
 Alistair's Intoxication  Tmut/Pois      6%         N/A       86%         5
 Borgnjor's Vile Clutch   Necr/Erth      5%         N/A       86%         5
 Fireball                 Conj/Fire      2%         3d4       94%         5
 Iskenderun's Battlesphe  Conj           5%         2d6       94%         5
 Conjure Ball Lightning   Conj/Air       7%         3x3d6     99%         6
 Eringya's Noxious Bog    Tmut/Pois      5%         4d6       100%        6
 Leda's Unmaking          Conj/Erth      5%         9d2       100%        6
 Haunt                    Necr/Summ      8%         N/A       100%        7
 Orb of Destruction       Conj           2%         9d5       100%        7
 Spellforged Servitor     Conj/Summ      8%         N/A       100%        7
 Summon Hydra             Summ           14%        N/A       100%        7
 Infestation              Necr           2%         N/A       100%        8
 Lehudib's Crystal Spear  Conj/Erth      5%         10d3      100%        8
 Maxwell's Capacitive Co  Air            12%        ∞         100%        8
 Animate Armour           Summ/Erth      Unusable   N/A       N/A         4

Dungeon Overview and Level Annotations

Branches:
Dungeon (11/15)            Temple (1/1) D:5            Lair (5/5) D:10
 Shoals (1/4) Lair:3        Snake (2/4) Lair:3        Slime (0/5) Lair:5
    Orc (2/2) D:11            Elf (0/3) Orc:2       Ossuary (visited)
  IceCv (visited)         Volcano (visited)

Altars:
Ashenzari
Cheibriados
Dithmenos
Elyvilon
Fedhas
Gozag
Hepliaklqana
Kikubaaqudgha
Makhleb
Nemelex Xobeh
Okawaru
Qazlal
Ru
Sif Muna
Trog
Uskayaw
Vehumet
Wu Jian
Xom
Yredelemnul
Zin
The Shining One

Shops:
D:3 ?   D:7 (   D:8 *   D:11 =   Orc:1 !   Orc:2 (   Snake:1 *

Annotations:
D:9 Joseph
D:11 Josephine
Lair:2 Urug


Innate Abilities, Weirdness & Mutations

You have sharp claws.
You have razor-sharp teeth.
You have supernaturally acute eyesight. (SInv)
You cover ground quickly. (Speed+)
Your thick and shaggy fur keeps you warm. (AC +3, rC+)
Your paws help you pounce on unaware monsters.
You are incapable of wielding weapons or throwing items.
You cannot wear armour.
You gain extra lives every three experience levels.


Message History

The sling bullet hits your lightning spire.
Your lightning spire shoots out a bolt of lightning at the faun!
The bolt of electricity misses the faun.
The faun casts a spell at you.
Your willpower is stripped away!
Unknown command.
Press: ? - help, v - describe, . - travel
Here: a satyr, wielding a +0 quarterstaff The floor.
You closely miss the faun.
Your lightning spire shoots out a bolt of lightning at the faun!
The bolt of electricity hits the faun!
The bolt of electricity hits the faun.
The satyr plays a rousing melody on its pipes!
The fauns go into a battle-frenzy!
You scratch the faun but do no damage.
The faun hits you with a +4 quarterstaff!!
You emit a cloud of dark smoke.
The faun unwields a +0 sling.
The faun wields a +0 spear.
The faun hits your lightning spire but does no damage.
The faun unwields a +0 sling.
The faun wields a +0 spear.
The faun misses your ice beast.
Your ice beast barely misses the faun.
The faun unwields a +4 quarterstaff.
The faun wields a +0 sling.
The faun shoots a sling bullet.
The sling bullet hits you!
The faun hits your lightning spire with a +0 spear!
Your ice beast hits the faun but does no damage.
Your lightning spire shoots out a bolt of lightning at the faun!
The bolt of electricity hits the faun!
The faun casts a spell at your lightning spire.
Your ice beast's willpower is stripped away.
There is a staircase back to the Lair here.
The faun shoots a sling bullet.
The sling bullet completely misses you.
The faun barely misses your lightning spire.
Your lightning spire shoots out a bolt of lightning at the faun!
The bolt of electricity hits the faun!
The faun dies!
Dithmenos accepts your kill.
You hear a sling whirr.
The sling bullet hits your ice beast!
The faun shoots a sling bullet.
The sling bullet hits you!!
You die...

~~~.~.##..##..##..# .~~~
~~~...#...##..##..##.~~~
.~~~.......c.........~~~
~~~~~~~~....c........~~~
~~~~~~P~............>~~~
~≈≈~~~~~c...........~~~~
..~~~~P§§P§......>..#~~
..~~.§§8YP..........#
......§@§c§P.......†###
......§§P§.÷..........#
#.......##.÷..##.P....##
#.......P.P........P....
#...###........P.......~
.... #......P.PP..P≈≈~~
... #.....~.PPP~~..≈≈≈~
~~ ...P~~~~~PPP≈≈~~≈≈≈~
..PP~P~~~~~PP≈≈≈≈≈≈≈


You could see a faun (strong, ally target), a friendly ice beast (summoned,
weak-willed) and a friendly lightning spire (summoned).

Vanquished Creatures
  Fannar (Orc:1)
  An ice dragon (Lair:5)
  2 hydras
  A catoblepas (Lair:3)
  2 anacondas (Snake:1)
  2 boulder beetles
  A death yak (IceCv)
  A naga warrior (Snake:1)
  A shock serpent (Snake:1)
  6 naga sharpshooters
  3 skysharks
  A sea snake (Shoals:1)
  A skeletal warrior (Volcano)
  A naga ritualist (Snake:1)
  A deep elf pyromancer (D:8)
  3 mana vipers
  2 salamanders
  A cyclops (D:11)
  An oklob plant (Snake:1)
  An ice statue (IceCv)
  3 elephants
  6 black mambas
  A manticore (D:11)
  A guardian serpent (Snake:1)
  3 gargoyles (Volcano)
  3 naga magi (Snake:1)
  3 cane toads
  Psyche (D:8)
  A rime drake (Lair:5)
  8 komodo dragons
  An unseen horror (D:9)
  A tengu conjurer (D:11)
  3 meliai (D:11)
  3 trolls
  3 harpy skeletons (Volcano)
  7 polar bears
  45 blink frogs
  A wind drake (Shoals:1)
  Grinder (D:5)
  2 hornets (D:8)
  A snapping turtle (Lair:5)
  2 dream sheep (Lair:5)
  2 alligator skeletons (Volcano)
  3 flying skulls (Volcano)
  4 wraiths
  6 wyverns
  67 yaks
  3 steam dragons
  6 basilisks
  A warg (Orc:2)
  5 nagas
  5 water moccasins
  Duvessa (D:5)
  10 orc warriors
  4 black bears
  An ice beast (D:7)
  17 wolves
  3 ogres
  8 centaurs
  2 phantoms
  12 bullfrogs
  A gnoll sergeant (D:11)
  5 scorpions
  Dowan (D:5)
  5 wights
  4 killer bees (D:9)
  A troll skeleton (Volcano)
  3 jellies
  2 spriggan skeletons (Volcano)
  11 howler monkeys
  3 lava snakes (Lair:3)
  8 orc priests
  3 hounds
  A gnoll bouda (D:6)
  6 iguanas
  A sleepcap (D:6)
  23 orc wizards
  7 hell rats (Lair:3)
  4 ogre zombies (D:11)
  A naga skeleton (Volcano)
  2 mummies
  Robin (D:2)
  16 gnolls
  9 adders
  2 shadow imps
  2 worms
  4 dart slugs
  51 orcs
  8 endoplasms
  5 giant cockroaches
  8 hobgoblins
  10 jackals
  5 kobolds
  6 quokkas
  9 ball pythons
  7 bats
  7 frilled lizards
  7 gnoll skeletons (Ossuary)
  15 goblins
  2 goblin skeletons (D:11)
  A goblin zombie (D:5)
  5 hobgoblin zombies (D:11)
  6 kobold skeletons (Ossuary)
  A kobold zombie (D:5)
  14 orc skeletons
  6 orc zombies (D:11)
  7 rats (D:1)
599 creatures vanquished.

Vanquished Creatures (collateral kills)
  A naga warrior (Snake:1)
  2 death yaks (IceCv)
  A shock serpent (Snake:2)
  A shining eye (Lair:5)
  A faun (Shoals:1)
  A black mamba (Snake:1)
  3 polar bears (IceCv)
  2 blink frogs
  3 dream sheep (Lair:5)
  8 yaks
  A naga (Snake:1)
  2 orc warriors (Orc:2)
  3 orc priests
  An orc wizard (Orc:2)
  An orc (Orc:2)
31 creatures vanquished.

Vanquished Creatures (others)
  An orc sorcerer (Orc:2)
  A naga mage (Snake:1)
  A gargoyle (Volcano)
  A polar bear (IceCv)
  2 harpy skeletons (Volcano)
6 creatures vanquished.

Grand Total: 636 creatures vanquished

Notes
Turn   | Place    | Note
-------+----------+-------------------------------------------
     0 | D:1      | bobo the Felid Ice Elementalist began the quest for the
                  | Orb.
     0 | D:1      | Reached XP level 1. HP: 7/7 MP: 4/4
   212 | D:1      | Reached XP level 2. HP: 12/12 MP: 4/6
   255 | D:1      | Reached skill level 1 in Unarmed Combat
   295 | D:1      | Reached skill level 1 in Fighting
   979 | D:1      | Reached XP level 3. HP: 15/15 MP: 4/7
  1298 | D:2      | Learned a level 3 spell: Ozocubu's Armour
  1316 | D:2      | Found a glowing golden altar of the Shining One.
  1974 | D:3      | Noticed Robin
  2057 | D:3      | Reached XP level 4. HP: 16/19 MP: 1/8
  2305 | D:3      | Learned a level 3 spell: Frozen Ramparts
  2747 | D:3      | Found Vinir's Magic Scroll Shoppe.
  2754 | D:3      | Bought a scroll of teleportation for 30 gold pieces
  2754 | D:3      | Bought a scroll of identify for 20 gold pieces
  2754 | D:3      | Bought a scroll of fear for 40 gold pieces
  2758 | D:3      | Bought a scroll of identify for 20 gold pieces
  2758 | D:3      | Bought a scroll of identify for 20 gold pieces
  2760 | D:3      | Bought a scroll of noise for 10 gold pieces
  3427 | D:2      | Killed Robin
  3470 | D:4      | Reached XP level 5. HP: 23/23 MP: 5/9
  3514 | D:4      | Found a snail-covered altar of Cheibriados.
  3606 | D:4      | You fall into a shaft and drop 3 floors!
  3614 | D:7      | Noticed a black bear
  3629 | D:7      | Noticed an ice beast
  3638 | D:7      | Noticed a phantom
  3642 | D:7      | Noticed a water moccasin
  3701 | D:6      | Noticed an ogre
  3705 | D:6      | Noticed a black bear
  3763 | D:7      | Killed a water moccasin
  3764 | D:7      | Gained mutation: You are covered in thick fur. (AC +2)
                  | [Felid growth]
  3764 | D:7      | Reached XP level 6. HP: 17/28 MP: 2/11
  4069 | D:5      | Entered Level 5 of the Dungeon
  4070 | D:5      | Noticed a steam dragon
  4250 | D:5      | Killed a steam dragon
  4251 | D:5      | Reached skill level 5 in Stealth
  4251 | D:5      | Reached XP level 7. HP: 24/31 MP: 4/13
  4365 | D:5      | Reached skill level 1 in Evocations
  4635 | D:5      | Found a sand-covered staircase.
  4661 | Ossuary  | Entered an ossuary
  4661 | Ossuary  | Noticed a wraith
  4661 | Ossuary  | Noticed a wraith
  4661 | Ossuary  | Noticed a wraith
  4978 | Ossuary  | Noticed a wraith
  5007 | Ossuary  | Killed a wraith
  5111 | D:4      | Killed from afar by an orc wizard
  5112 | D:4      | Reached XP level 6. HP: -7/29 MP: 12/12
  5112 | D:4      | Reached XP level 7. HP: 33/33 MP: 13/13
  5329 | D:4      | Found an opulent altar of Gozag.
  5790 | D:5      | Reached skill level 5 in Fighting
  5790 | D:5      | Reached skill level 5 in Dodging
  5798 | D:5      | Found a staircase to the Ecumenical Temple.
  5816 | Temple   | Entered the Ecumenical Temple
  5831 | Temple   | Became a worshipper of Dithmenos the Shadowed
  5910 | D:5      | Found a sparkling altar of Nemelex Xobeh.
  6028 | D:5      | Noticed Dowan
  6062 | D:6      | Reached skill level 5 in Unarmed Combat
  6167 | D:6      | Reached XP level 8. HP: 37/37 MP: 11/14
  6497 | D:6      | Reached * piety under Dithmenos
  7131 | D:5      | Noticed Grinder
  7131 | D:5      | Noticed Duvessa
  7276 | D:7      | Found Matac's Antique Weapon Shoppe.
  7772 | D:8      | Reached XP level 9. HP: 33/42 MP: 11/15
  7840 | D:8      | Found a radiant altar of Vehumet.
  7840 | D:8      | Found an ornate altar of the Wu Jian Council.
  7844 | D:8      | Found a shimmering altar of Xom.
  7971 | D:8      | Reached ** piety under Dithmenos
  8031 | D:8      | Found Puso's Gadget Gallery.
  8039 | D:8      | Noticed Psyche
  8049 | D:8      | Killed Psyche
  8182 | D:8      | Noticed a deep elf pyromancer
  8197 | D:8      | Killed a deep elf pyromancer
  8363 | D:8      | Paralysed by a hornet for 1 turns
  8859 | D:9      | Reached XP level 10. HP: 48/48 MP: 10/16
  8884 | D:9      | Reached skill level 10 in Dodging
  9162 | D:9      | Noticed Joseph
  9294 | D:5      | Killed Grinder
  9296 | D:5      | Killed Dowan
  9308 | D:5      | Slain by Duvessa
  9309 | D:5      | Reached XP level 9. HP: 0/39 MP: 15/15
  9353 | D:5      | Killed Duvessa
  9539 | D:8      | Upgraded the game from 0.31-a0-344-gd109795599 to
                  | 0.31-a0-345-g1ebeae05c6
  9725 | D:9      | HP: 1/40 [wight/+4 long sword (4)]
 10052 | D:9      | Noticed an unseen horror
 10081 | D:9      | Killed an unseen horror
 10480 | D:10     | Entered Level 10 of the Dungeon
 10572 | D:10     | Noticed a troll
 10575 | D:10     | Reached XP level 10. HP: 44/49 MP: 16/16
 10619 | D:10     | Found a staircase to the Lair.
 11057 | Lair:1   | Entered Level 1 of the Lair of Beasts
 11058 | Lair:1   | Noticed a cane toad
 11073 | Lair:1   | Killed a cane toad
 11282 | Lair:1   | Noticed a black mamba
 11293 | Lair:1   | Killed a black mamba
 11344 | Lair:1   | Reached skill level 10 in Fighting
 11432 | Lair:1   | Reached *** piety under Dithmenos
 11433 | Lair:1   | Reached skill level 10 in Unarmed Combat
 11742 | Lair:1   | Reached XP level 11. HP: 54/54 MP: 9/17
 11831 | Lair:1   | Noticed a boulder beetle
 11876 | Lair:1   | Killed a boulder beetle
 12449 | Lair:2   | Found a dark tunnel.
 12462 | Volcano  | Entered a volcano
 13015 | Volcano  | Noticed a skeletal warrior
 13017 | Volcano  | Killed a skeletal warrior
 13041 | Volcano  | Noticed a skeletal warrior
 13095 | Volcano  | HP: 4/82 [skeletal warrior/+0 great sword of flaming (18)]
 13095 | Volcano  | Slain by a skeletal warrior
 13096 | Volcano  | Reached XP level 10. HP: 0/78 MP: 16/16
 13153 | Volcano  | Noticed a gargoyle
 13165 | Volcano  | Killed a gargoyle
 13210 | Volcano  | Noticed a gargoyle
 13375 | Lair:2   | Noticed a death yak
 13375 | Lair:2   | Noticed a death yak
 13376 | Lair:2   | Noticed a death yak
 13376 | Lair:2   | Noticed a death yak
 13379 | Lair:2   | Noticed a death yak
 13442 | D:10     | Reached XP level 11. HP: 35/55 MP: 8/17
 14167 | D:11     | Found Ecro's Jewellery Boutique.
 14171 | D:11     | Noticed Josephine
 14174 | D:11     | HP: 2/52 [wraith[Josephine] (14)]
 14332 | D:11     | Reached **** piety under Dithmenos
 14804 | D:11     | Found a staircase to the Orcish Mines.
 14993 | Orc:1    | Entered Level 1 of the Orcish Mines
 15086 | Orc:2    | Entered Level 2 of the Orcish Mines
 15114 | Orc:2    | Found Keih's Weapon Emporium.
 15114 | Orc:2    | Noticed a +0 quick blade
 15270 | Orc:2    | Noticed an orc knight
 15271 | Orc:2    | Noticed an orc knight
 15271 | Orc:2    | Noticed an orc sorcerer
 15558 | Orc:1    | Noticed Fannar
 15570 | Orc:1    | Killed Fannar
 15633 | Orc:1    | Learned a level 4 spell: Summon Ice Beast
 15804 | Orc:1    | Found Puiblo's Distillery.
 15807 | Orc:1    | Bought a potion of heal wounds for 80 gold pieces
 15807 | Orc:1    | Bought a potion of resistance for 160 gold pieces
 15998 | Orc:2    | Found a staircase to the Elven Halls.
 16007 | Orc:2    | Noticed an orc knight
 16102 | Orc:2    | Noticed a +0 lajatang
 16129 | Orc:1    | Noticed a two-headed ogre
 16318 | D:11     | Reached skill level 1 in Summonings
 16458 | Lair:1   | Gained mutation: Your thick and shaggy fur keeps you warm.
                  | (AC +3, rC+) [Felid growth]
 16458 | Lair:1   | Reached XP level 12. HP: 48/61 MP: 12/18
 16704 | Lair:3   | Noticed a death yak
 16811 | Lair:2   | Reached skill level 10 in Stealth
 16972 | Lair:3   | Noticed a five-headed hydra
 16976 | Lair:3   | Killed a five-headed hydra
 17601 | Lair:3   | Reached ***** piety under Dithmenos
 18033 | Lair:3   | Learned a level 3 spell: Vhi's Electric Charge
 18077 | Lair:3   | HP: 4/81 [hell rat (6)]
 18082 | Lair:3   | Reached skill level 1 in Translocations
 18084 | Lair:3   | HP: 1/79 [hell rat (4)]
 18160 | Lair:3   | HP: 1/53 [komodo dragon (20)]
 18280 | Lair:3   | Found a staircase to the Shoals.
 18291 | Shoals:1 | Entered Level 1 of the Shoals
 18294 | Shoals:1 | Reached skill level 1 in Air Magic
 18338 | Shoals:1 | Noticed a satyr
 18620 | Lair:3   | Noticed a catoblepas
 18633 | Lair:4   | Noticed an eight-headed hydra
 18751 | Lair:3   | Learned a level 4 spell: Summon Lightning Spire
 18751 | Lair:3   | Noticed a death yak
 18752 | Lair:3   | Noticed a death yak
 18759 | Lair:2   | Noticed Urug
 18882 | Lair:2   | Reached XP level 13. HP: 17/65 MP: 10/20
 19594 | Lair:3   | Found a staircase to the Snake Pit.
 19925 | Lair:3   | Killed from afar by a catoblepas
 19926 | Lair:3   | Reached XP level 12. HP: -3/63 MP: 19/19
 19948 | Lair:3   | Killed a catoblepas
 20284 | Lair:4   | Found a hide-covered altar of Uskayaw.
 20447 | Lair:4   | Noticed a boulder beetle
 20495 | Lair:4   | Killed a boulder beetle
 20645 | Lair:4   | You fall into a shaft and drop 1 floor!
 20645 | Lair:5   | Entered Level 5 of the Lair of Beasts
 21025 | Lair:5   | Found a staircase to the Slime Pits.
 21040 | Lair:5   | Found a frozen archway.
 21042 | Lair:5   | Noticed an ice dragon
 21048 | Lair:5   | Killed an ice dragon
 21079 | IceCv    | Entered an ice cave
 21361 | IceCv    | Reached XP level 13. HP: 59/66 MP: 16/20
 21807 | IceCv    | Noticed a frost giant
 22322 | IceCv    | Found the +3 giant club "Skullcrusher" {speed, Str+7}
 22485 | Lair:5   | HP: 3/67 [yak[a torpor snail] (15)]
 23269 | Snake:1  | Entered Level 1 of the Snake Pit
 24105 | Snake:1  | Found Warher's Assorted Antiques.
 24133 | Snake:1  | Learned a level 2 spell: Passwall
 24406 | Snake:1  | Reached skill level 5 in Ice Magic
 24410 | Snake:1  | Reached skill level 1 in Transmutations
 24496 | Snake:1  | Reached skill level 1 in Earth Magic
 25172 | Snake:2  | Reached XP level 14. HP: 68/72 MP: 20/22
 25377 | Shoals:1 | Shot with a sling bullet by a faun

Illustrated notes

Levels and vault maps discovered:
D:1:      evilmike_arrival_rings, layout_basic, hangedman_decor_push,
          minivault_4
D:2:      layout_loops_ring, basic_altar, kennysheep_generic_room_16
D:3:      layout_loops_corners, serial_shops, shop, kennysheep_generic_room_6,
          uniq_robin
D:4:      layout_cave_pools, mainiacjoe_overflow_tiny_flanked, slow_altar_1,
          kennysheep_pointless_box, minmay_a_box_with_orc_wizards_in_it
D:5:      layout_rooms, nemelex_spade_bored_becter, minmay_temple_entry_slanted,
          nicolae_ossuary_entry_giza, st_stairs_3, uniq_grinder, uniq_duvessa
D:6:      layout_gridville, minmay_misc_feat_rows,
          chequers_serial_rivers_micro_c
D:7:      layout_basic, serial_shops, shop, enter_bailey_4
D:8:      layout_basic, nicolae_overflow_hidden_temple, nicolae_shop_gadgets,
          uniq_psyche
D:9:      layout_basic, uniq_joseph
D:10:     layout_irregular_city, david_lair_generic
D:11:     layout_basic, zombieorc1_lemuel, serial_shops,
          nicolae_shop_gaudy_bauble, roderic_lattice_a, uniq_josephine
Temple:   nicolae_temple_elliptical
Lair:1:   layout_regular_city, grunt_megastairs_1, lemuel_fruit_fields
Lair:2:   layout_chaotic_city, nicolae_volcano_entry_hallway, uniq_urug
Lair:3:   layout_loops_ring, shoals_dummy_entry,
          nicolae_snake_entry_warm_welcome, lemuel_fruit_tree,
          grunt_megastairs_4, serial_bayou_shore_b, infiniplex_staircase_pool_2
Lair:4:   layout_cellular_growth, basic_altar, grunt_megastairs_2
Lair:5:   gammafunk_lair_ancient_temple, layout_big_grid, slime_entry_1,
          portal_ice_cave_entry_animals_and_master, infiniplex_staircase_pool
Shoals:1: cheibrodos_shoals_satyrical_garden, layout_shoals
Snake:1:  layout_gridlike, serial_shops, shop, dpeg_stationary_puzzle
Snake:2:  layout_cave_town, serial_bayou_shore_b, uniq_vashnia
Orc:1:    giant_chief_lemuel, layout_diamond_mine, serial_shops,
          nicolae_shop_real_fake_doors, uniq_fannar
Orc:2:    grunt_orc_cross, layout_caves, basic_altar, serial_shops,
          nicolae_shop_mannequins

Skill      XL: |  1  2  3  4  5  6  7  8  9 10 11 12 13 |
---------------+----------------------------------------+-----
Stealth        | 3 4 5 7 9 12 14 | 14.1
Unarmed Combat | 1 2 3 5 6 9 10 12 13 14 | 14.0
Fighting       | 1 2 3 5 6 9 10 12 14 | 14.1
Ice Magic      | 4 5 |  5.0
Spellcasting   | 3 4 |  4.9
Dodging        | 5 7 11 12 14 | 14.5
Evocations     | 3 |  3.0
Summonings     | 1 3 4 |  4.8
Translocations | 2 4 |  4.9
Air Magic      | 3 4 |  4.0
Transmutations | 2 |  2.0
Earth Magic    | 1 |  1.7

Action                     |  1- 3 |  4- 6 |  7- 9 | 10-12 | 13-15 || total
---------------------------+-------+-------+-------+-------+-------++-------
  Melee: Unarmed           |    32 |    80 |   418 |   972 |   283 ||  1785
         Bite              |     4 |     4 |    62 |   147 |    40 ||   257
         Punch             |       |     1 |    21 |    93 |    27 ||   142
   Cast: Freeze            |    55 |    42 |    42 |     7 |     9 ||   155
         Ozocubu's Armour  |     2 |     7 |    38 |    81 |    18 ||   146
         Frozen Ramparts   |       |     4 |    24 |    68 |    14 ||   110
         Summon Lightning  |       |       |       |     9 |    24 ||    33
         Vhi's Electric Ch |       |       |       |     7 |    16 ||    23
         Summon Ice Beast  |       |       |       |     5 |    14 ||    19
 Invoke: Shadow Step       |       |       |       |     7 |     6 ||    13
  Evoke: Wand              |       |       |    19 |    40 |     5 ||    64
         Phantom mirror    |       |       |       |     3 |     1 ||     4
    Use: Scroll            |       |     5 |    11 |    11 |     7 ||    34
         Potion            |       |     1 |     5 |    13 |     9 ||    28
   Stab: Sleeping          |    12 |     8 |    16 |    32 |    18 ||    86
         Distracted        |       |       |     2 |     8 |     6 ||    16
         Invisible         |       |       |     1 |       |       ||     1
 Armour: Skin              |     3 |    10 |    30 |   100 |    16 ||   159
  Dodge: Dodged            |    39 |    88 |   387 |  1113 |   344 ||  1971

Table legend: (Time is in decaauts)
 A = Elapsed time spent in this place.
 B = Non-inter-level travel time spent in this place.
 C = Inter-level travel time spent in this place.
 D = Time resting spent in this place.
 E = Time spent auto-exploring this place.
 F = Levels seen in this place.
 G = Mean time per level.
                   A        B        C        D        E       F      G
               +--------+--------+--------+--------+--------+-----+--------+
         Total |  22384 |  21306 |   1078 |   4504 |   8955 |  25 |  895.4 |
       Dungeon |  10876 |  10122 |    754 |   1167 |   5263 |  11 |  988.7 |
        Temple |     46 |     40 |      6 |     26 |      0 |   1 |   46.0 |
          Lair |   6254 |   6070 |    184 |   1734 |   2565 |   5 | 1250.8 |
        Shoals |     64 |     63 |      1 |      0 |      0 |   1 |   64.0 |
     Snake Pit |   1844 |   1790 |     54 |    640 |    666 |   2 |  922.0 |
  Orcish Mines |   1060 |    984 |     76 |     24 |    459 |   2 |  530.0 |
       Ossuary |    343 |    343 |      0 |     61 |      0 |   1 |  343.0 |
      Ice Cave |   1161 |   1161 |      0 |    552 |      0 |   1 | 1161.0 |
       Volcano |    735 |    735 |      0 |    298 |      0 |   1 |  735.0 |
               +--------+--------+--------+--------+--------+-----+--------+

Top non-repeatable levels by time:
  Lair:3: 2144 daAuts
 Snake:1: 1720 daAuts
  Lair:1: 1579 daAuts
     D:8: 1249 daAuts
   IceCv: 1161 daAuts
     D:5: 1134 daAuts
  Lair:4: 1132 daAuts
    D:10: 1127 daAuts
     D:9: 1111 daAuts
     D:3: 1070 daAuts
     D:1: 985 daAuts
  Lair:2: 954 daAuts
    D:11: 915 daAuts
     D:2: 912 daAuts
     D:6: 884 daAuts
